 Dungeon Crawl Stone Soup version 0.29.1-1-gd02db6906a (webtiles) character file.

Game seed: 7060288027400051528

18 vvl the Stinger (level 2, -1/20 HPs)
             Began as a Demonspawn Venom Mage on Sept 28, 2022.
             Slain by an orc
             ... wielding a +0 hand axe
              (4 damage)
             ... on level 2 of the Dungeon.
             The game lasted 00:02:15 (1644 turns).

vvl the Stinger (Demonspawn Venom Mage)             Turns: 1644, Time: 00:02:16

Health: -1/20      AC:  3    Str:  8    XL:     2   Next: 48%
Magic:  5/5        EV: 13    Int: 16    God:
Gold:   86         SH:  0    Dex: 13    Spells: 4/5 levels left

rFire   . . .      SeeInvis .   e - +0 hand axe
rCold   . . .      Faith    .   (no shield)
rNeg    . . .      Spirit   .   j - +0 leather armour
rPois   .          Reflect  .   (no helmet)
rElec   .          Harm     .   (no cloak)
rCorr   .          Rampage  .   (no gloves)
Will    .....                   (no boots)
Stlth   ++........              (no amulet)
HPRegen 0.06/turn               (no ring)
MPRegen 0.09/turn               (no ring)

@: no status effects
A: repulsion field 1
a: no special abilities


You were on level 2 of the Dungeon.
You visited 1 branch of the dungeon, and saw 2 of its levels.

You collected 86 gold pieces.

Inventory:

Hand Weapons
 e - a +0 hand axe (weapon)
Armour
 j - a +0 leather armour (worn)
Scrolls
 c - 2 scrolls of identify {unknown}
 d - a scroll of vulnerability {unknown}
 h - 2 scrolls of silence {unknown}
 i - a scroll of summoning {unknown}
Potions
 b - a potion of magic
 f - a potion of heal wounds {unknown}
 g - a potion of curing {unknown}


   Skills:
 + Level 0.4 Fighting
 + Level 0.4 Armour
 + Level 1.9 Dodging
 + Level 1.9 Stealth
 + Level 2.1 Spellcasting
 + Level 0.6 Necromancy
 + Level 1.1 Transmutations
 + Level 3.1 Poison Magic


You had 4 spell levels left.
You knew the following spells:

 Your Spells              Type           Power      Damage    Failure   Level
a - Sting                 Tmut/Pois      32%        1d4       12%         1

Your spell library contained the following spells:

 Spells                   Type           Power      Damage    Failure   Level
 Poisonous Vapours        Pois/Air       12%        N/A       22%         2
 Mephitic Cloud           Conj/Pois/Air  5%         N/A       50%         3
 Olgreb's Toxic Radiance  Pois           11%        N/A       63%         4
 Leda's Liquefaction      Hex/Erth       0%         N/A       96%         4
 Lee's Rapid Deconstruct  Erth           0%         3d5*      100%        5
 Statue Form              Tmut/Erth      2%         N/A       100%        6


Dungeon Overview and Level Annotations

Branches:
Dungeon (2/15)

Altars:

Annotations:
D:2 Terence


Innate Abilities, Weirdness & Mutations

You are surrounded by a mild repulsion field. (EV +2)


Message History

Your magical contamination has completely faded away.
Magic restored.
An orc comes into view. It is wielding a +0 hand axe.
An orc is nearby!
An orc is nearby!
An orc is nearby!
An orc priest comes into view. It is wielding a +0 short sword.
The orc priest shouts!
A kobold comes into view. It is wielding a +0 dagger.
A rat comes into view.
The orc shouts!
The orc priest looks encouraged for a moment.
The rat moves out of view.
You hear a shout!
Terence and a hobgoblin come into view.
Found a stone staircase leading down.
The kobold shouts!
An orc comes into view. It is wielding a +0 hand axe.
Terence moves out of view.
You hear a shout!
The hobgoblin shouts!
You hear a shout!
The sting hits the kobold.
The kobold is poisoned.
You kill the kobold!
A frilled lizard comes into view.
The orc hits you with a +0 hand axe.
A kobold comes into view. It is wielding a +0 whip.
The orc attacks as you move away! The orc hits you but does no damage.
The orc attacks as you move away! The orc closely misses you.
An orc wizard comes into view. It is wielding a +0 dagger.
Terence says, "Rest in peace."
The orc attacks as you move away! The orc hits you with a +0 hand axe.
The orc attacks as you move away! The orc misses you.
The orc attacks as you move away! The orc hits you with a +0 hand axe.
The orc attacks as you move away! The orc hits you with a +0 hand axe.
The orc attacks as you move away! The orc hits you with a +0 hand axe.
* * * LOW HITPOINT WARNING * * *
The orc attacks as you move away! The orc misses you.
The orc attacks as you move away! The orc closely misses you.
The orc attacks as you move away! The orc closely misses you.
The orc attacks as you move away! The orc hits you with a +0 hand axe.
You die...

..#### #....# ###....#
.......# ##.....###
.........
##.....################
#........g.r.@.o@.....#
#.....K##############.#
.......# #.# ..o....#
#.# ).###### #.# ...#
#.# ##.# #.# .. #.# .##
#.#


You could see Terence, an orc, a hobgoblin and a rat.

Vanquished Creatures
  A ball python (D:1)
  4 endoplasms
  A giant cockroach (D:1)
  A hobgoblin (D:1)
  A quokka (D:1)
  A frilled lizard (D:1)
  2 goblins (D:1)
  2 kobolds
  4 rats (D:1)
17 creatures vanquished.

Notes
Turn   | Place    | Note
-------+----------+-------------------------------------------
     0 | D:1      | vvl the Demonspawn Venom Mage began the quest for the Orb.
     0 | D:1      | Reached XP level 1. HP: 13/13 MP: 3/3
   188 | D:1      | Reached skill level 1 in Transmutations
   724 | D:1      | Gained mutation: You are surrounded by a mild repulsion
                  | field. (EV +2) [demonic ancestry]
   724 | D:1      | Reached XP level 2. HP: 19/19 MP: 3/5
  1627 | D:2      | Noticed Terence
  1644 | D:2      | Slain by an orc

Illustrated notes

Levels and vault maps discovered:
D:1:      tarquinn_simple_flora_water_f, layout_loops_ring
D:2:      layout_basic, minmay_split_cup_large, uniq_natasha, uniq_terence

Skill      XL: |  1 |
---------------+----+-----
Transmutations | 1 |  1.1
Fighting       | |  0.4
Armour         | |  0.4
Dodging        | |  1.9
Stealth        | |  1.9
Spellcasting   | |  2.1
Necromancy     | |  0.6
Poison Magic   | |  3.1

Action                   || total
-------------------------++-------
Melee: Hand axe          ||    24
       Unarmed           ||     4
 Cast: Sting             ||    24
 Stab: Sleeping          ||     4
Armor: Robe              ||     3
       Leather armour    ||     2
Dodge: Dodged            ||    24
